SL
NORTHERN VIRGINIA RAINBOW MERMAIDS @ SAN MATEO DIRTY REDS
09/15/2037
 
TOP OF THE 1ST
Northern Virginia Rainbow Mermaids batting - Pitching for San Mateo Dirty Reds : RHP Lorenzo Fabián
Pitching: RHP Lorenzo Fabián
Batting: LHB Owen Sharts 0-0: Called Strike
0-1: Ball
1-1: Called Strike
1-2: Ball
2-2: Ground out 4-3 (Groundball, 4, EV 85.6 MPH)
Batting: LHB Jason Schneider 0-0: Called Strike
0-1: Foul Ball, location: 2F
0-2: Ball
1-2: Ground out 4-3 (Groundball, 34D, EV 100.6 MPH)
Batting: RHB Daniel McCoy 0-0: Fly out, F9 (Flyball, 89S, EV 82.5 MPH)
Top of the 1st over - 0 runs, 0 hits, 0 errors, 0 left on base; Northern Virginia 0 - San Mateo 0
BOTTOM OF THE 1ST
San Mateo Dirty Reds batting - Pitching for Northern Virginia Rainbow Mermaids : LHP Noe Toepfer
Pitching: LHP Noe Toepfer
Batting: RHB Iván Vega 0-0: Ball
1-0: Foul Ball, location: 2F
1-1: Hit by Pitch
Batting: RHB Kameron Guangorena 0-0: Called Strike
0-1: Ball
1-1: Ball
2-1: SINGLE (Groundball, 4D, EV 103.1 MPH)
Iván Vega to second
Runner from 2nd tries for 3rd, SAFE, throw by CF made to third
Batting: RHB António Mendoza 0-0: Ball
1-0: Ball
2-0: Ball
3-0: Base on Balls
Kameron Guangorena to second
Batting: RHB Hugh Mungus 0-0: Foul Ball, location: 2F
0-1: Fly out, F8 (Flyball, 8RM, EV 87.5 MPH)
Runner from 3rd tags up, SCORES, throw by CF
Batting: RHB Hyeon-cheong Kim 0-0: Swinging Strike
0-1: Reached on error, E4 (Groundball, 4D, EV 103.8 MPH)
Kameron Guangorena to third
António Mendoza to second
Batting: RHB Paul Tate 0-0: Ball
1-0: Called Strike
1-1: Ball
2-1: Fly out, F7 (Flyball, 7LSF, EV 81.2 MPH)
Batting: RHB Tae-gyoon Ch'oe 0-0: Swinging Strike
0-1: Fly out, F8 (Flyball, 8RM, EV 96.2 MPH)
Bottom of the 1st over - 1 run, 1 hit, 1 error, 3 left on base; Northern Virginia 0 - San Mateo 1
TOP OF THE 2ND
Northern Virginia Rainbow Mermaids batting - Pitching for San Mateo Dirty Reds : RHP Lorenzo Fabián
Batting: LHB Dewitt Hopper 0-0: Ball
1-0: Fly out, F8 (Line Drive, 8LM, EV 87.5 MPH)
Batting: RHB Tony Calhoun 0-0: Foul Ball, location: 2F
0-1: Ball
1-1: Ball
2-1: Ball
3-1: Base on Balls
Batting: RHB Eric Deweese 0-0: Ball
1-0: Foul Ball, location: 2F
1-1: Grounds into double play, 5-4-3 (Groundball, 56, EV 81.9 MPH)
Top of the 2nd over - 0 runs, 0 hits, 0 errors, 0 left on base; Northern Virginia 0 - San Mateo 1
BOTTOM OF THE 2ND
San Mateo Dirty Reds batting - Pitching for Northern Virginia Rainbow Mermaids : LHP Noe Toepfer
Batting: RHB Nelson Jaramillo 0-0: Ground out 6-3 (Groundball, 6, EV 85.6 MPH)
Batting: RHB Augusto Encarnación 0-0: Foul Ball, location: 2F
0-1: Ball
1-1: Foul Ball, location: 2F
1-2: Fly out, F8 (Flyball, 89S, EV 92.5 MPH)
Batting: RHB Iván Vega 0-0: Swinging Strike
0-1: Ball
1-1: Foul Ball, location: 2F
1-2: Foul Ball, location: 2F
1-2: Strikes out swinging
Bottom of the 2nd over - 0 runs, 0 hits, 0 errors, 0 left on base; Northern Virginia 0 - San Mateo 1
TOP OF THE 3RD
Northern Virginia Rainbow Mermaids batting - Pitching for San Mateo Dirty Reds : RHP Lorenzo Fabián
Batting: SHB Shiki Sanu 0-0: Called Strike
0-1: Ball
1-1: Ball
2-1: Ball
3-1: Swinging Strike
3-2: Foul Ball, location: 2F
3-2: Fly out, F6 (Popup, 6, EV 70.0 MPH)
Batting: RHB Felix Plugge 0-0: Ball
1-0: Ball
2-0: Foul Ball, location: 2F
2-1: Ball
3-1: Ground out 5-3 (Groundball, 56, EV 83.8 MPH)
Batting: RHB Scott Dourque 0-0: Swinging Strike
0-1: Swinging Strike
0-2: Strikes out swinging
Top of the 3rd over - 0 runs, 0 hits, 0 errors, 0 left on base; Northern Virginia 0 - San Mateo 1
BOTTOM OF THE 3RD
San Mateo Dirty Reds batting - Pitching for Northern Virginia Rainbow Mermaids : LHP Noe Toepfer
Batting: RHB Kameron Guangorena 0-0: Ball
1-0: Called Strike
1-1: Called Strike
1-2: Ground out U3 (Groundball, 34, EV 84.4 MPH)
Batting: RHB António Mendoza 0-0: Swinging Strike
0-1: Ball
1-1: Ground out 2-3 (Groundball, 2L, EV 69.4 MPH)
Batting: RHB Hugh Mungus 0-0: Ball
1-0: Foul Ball, location: 2F
1-1: Foul Ball, location: 2F
1-2: Foul Ball, location: 2F
1-2: Foul Ball, location: 2F
1-2: Hit by Pitch
Pinch Runner at 1st Kevin Baxter:
Batting: RHB Hyeon-cheong Kim 0-0: Fly out, F7 (Flyball, 7, EV 80.0 MPH)
Bottom of the 3rd over - 0 runs, 0 hits, 0 errors, 1 left on base; Northern Virginia 0 - San Mateo 1
TOP OF THE 4TH
Northern Virginia Rainbow Mermaids batting - Pitching for San Mateo Dirty Reds : RHP Lorenzo Fabián
Now at 1B: Jody Lemoine
Batting: LHB Owen Sharts 0-0: Called Strike
0-1: Ground out 3-1 (Groundball, 34, EV 82.5 MPH)
Batting: LHB Jason Schneider 0-0: Called Strike
0-1: Ball
1-1: Foul Ball, location: 2F
1-2: Fly out, F7 (Flyball, 7LDF, EV 101.9 MPH)
Batting: RHB Daniel McCoy 0-0: Ball
1-0: Foul Ball, location: 2F
1-1: Foul Ball, location: 2F
1-2: SINGLE (Line Drive, 89S, EV 101.9 MPH)
Batting: LHB Dewitt Hopper 0-0: Foul Ball, location: 2F
0-1: Ground out 1-3 (Groundball, 34S, EV 82.5 MPH)
Top of the 4th over - 0 runs, 1 hit, 0 errors, 1 left on base; Northern Virginia 0 - San Mateo 1
BOTTOM OF THE 4TH
San Mateo Dirty Reds batting - Pitching for Northern Virginia Rainbow Mermaids : LHP Noe Toepfer
Batting: RHB Paul Tate 0-0: Ball
1-0: Called Strike
1-1: Foul Ball, location: 2F
1-2: Ball
2-2: Ground out 4-3 (Groundball, 4S, EV 74.4 MPH)
Batting: RHB Tae-gyoon Ch'oe 0-0: Ball
1-0: Called Strike
1-1: Ball
2-1: Called Strike
2-2: Foul Ball, location: 2F
2-2: Fly out, F9 (Line Drive, 9D, EV 87.5 MPH)
Batting: RHB Nelson Jaramillo 0-0: Called Strike
0-1: Ball
1-1: Ball
2-1: Ball
3-1: Swinging Strike
3-2: Strikes out swinging
Bottom of the 4th over - 0 runs, 0 hits, 0 errors, 0 left on base; Northern Virginia 0 - San Mateo 1
TOP OF THE 5TH
Northern Virginia Rainbow Mermaids batting - Pitching for San Mateo Dirty Reds : RHP Lorenzo Fabián
Batting: RHB Tony Calhoun 0-0: Ball
1-0: Foul Ball, location: 2F
1-1: SINGLE (Line Drive, 4M, EV 95.6 MPH)
Batting: RHB Eric Deweese 0-0: Ball
Tony Calhoun steals 2nd base
1-0: Foul Ball, location: 2F
1-1: Foul Ball, location: 2F
1-2: Ball
2-2: Foul Ball, location: 2F
2-2: Foul Ball, location: 2F
2-2: Fly out, F9 (Flyball, 9, EV 83.8 MPH)
Batting: SHB Shiki Sanu 0-0: Ball
Tony Calhoun is caught stealing 3rd base 2-5
1-0: Called Strike
1-1: Called Strike
1-2: Ball
2-2: Foul Ball, location: 2F
2-2: Ball
3-2: Ground out 4-3 (Groundball, 34, EV 88.1 MPH)
Top of the 5th over - 0 runs, 1 hit, 0 errors, 0 left on base; Northern Virginia 0 - San Mateo 1
BOTTOM OF THE 5TH
San Mateo Dirty Reds batting - Pitching for Northern Virginia Rainbow Mermaids : LHP Noe Toepfer
Batting: RHB Augusto Encarnación 0-0: Ball
1-0: Foul Ball, location: 2F
1-1: Foul Ball, location: 2F
1-2: Strikes out swinging
Batting: RHB Iván Vega 0-0: Ball
1-0: Ground out 5-3 (Groundball, 5, EV 80.6 MPH)
Batting: RHB Kameron Guangorena 0-0: Called Strike
0-1: Ball
1-1: Ball
2-1: Fly out, F4 (Popup, 3S, EV 81.2 MPH)
Bottom of the 5th over - 0 runs, 0 hits, 0 errors, 0 left on base; Northern Virginia 0 - San Mateo 1
TOP OF THE 6TH
Northern Virginia Rainbow Mermaids batting - Pitching for San Mateo Dirty Reds : RHP Lorenzo Fabián
Batting: RHB Felix Plugge 0-0: Ground out 5-3 (Groundball, 56, EV 105.0 MPH)
Batting: RHB Scott Dourque 0-0: Foul Ball, location: 2F
0-1: Ground out 1-3 (Groundball, 13S, EV 65.0 MPH)
Batting: LHB Owen Sharts 0-0: Called Strike
0-1: Ball
1-1: Ground out U3 (Groundball, 3, EV 90.6 MPH)
Top of the 6th over - 0 runs, 0 hits, 0 errors, 0 left on base; Northern Virginia 0 - San Mateo 1
BOTTOM OF THE 6TH
San Mateo Dirty Reds batting - Pitching for Northern Virginia Rainbow Mermaids : LHP Noe Toepfer
Batting: RHB António Mendoza 0-0: Ball
1-0: Called Strike
1-1: Ball
2-1: Foul Ball, location: 2F
2-2: Ball
3-2: Ground out 4-3 (Groundball, 34, EV 93.1 MPH)
Batting: RHB Jody Lemoine 0-0: Called Strike
0-1: Swinging Strike
0-2: Ball
1-2: Ball
2-2: Strikes out swinging, 2-3 out at first.
Batting: RHB Hyeon-cheong Kim 0-0: Ball
1-0: Called Strike
1-1: SINGLE (Line Drive, 78M, EV 97.5 MPH)
Pitching: RHP Tom King
Batting: RHB Paul Tate 0-0: Foul Ball, location: 2F
0-1: Foul Ball, location: 2F
0-2: Ball
1-2: SINGLE (Groundball, 4MD, EV 109.4 MPH)
Hyeon-cheong Kim to second
Batting: RHB Tae-gyoon Ch'oe 0-0: Called Strike
0-1: Ball
1-1: Fly out, F8 (Flyball, 8RM, EV 90.0 MPH)
Bottom of the 6th over - 0 runs, 2 hits, 0 errors, 2 left on base; Northern Virginia 0 - San Mateo 1
TOP OF THE 7TH
Northern Virginia Rainbow Mermaids batting - Pitching for San Mateo Dirty Reds : RHP Lorenzo Fabián
Pitching: RHP Anatoly Ivanovich
Batting: LHB Jason Schneider 0-0: Ground out U3 (Groundball, 3, EV 89.4 MPH)
Batting: RHB Daniel McCoy 0-0: Called Strike
0-1: Ball
1-1: Foul Ball, location: 2F
1-2: Ball
2-2: Strikes out looking
Batting: LHB Dewitt Hopper 0-0: Fly out, F8 (Flyball, 8LM, EV 82.5 MPH)
Top of the 7th over - 0 runs, 0 hits, 0 errors, 0 left on base; Northern Virginia 0 - San Mateo 1
BOTTOM OF THE 7TH
San Mateo Dirty Reds batting - Pitching for Northern Virginia Rainbow Mermaids : RHP Tom King
Batting: RHB Nelson Jaramillo 0-0: Ground out 6-3 (Groundball, 6, EV 88.8 MPH)
Batting: RHB Augusto Encarnación 0-0: Ball
1-0: Called Strike
1-1: Ground out 5-3 (Groundball, 56S, EV 86.9 MPH)
Batting: RHB Iván Vega 0-0: Fly out, F8 (Flyball, 8LD, EV 106.9 MPH)
Bottom of the 7th over - 0 runs, 0 hits, 0 errors, 0 left on base; Northern Virginia 0 - San Mateo 1
TOP OF THE 8TH
Northern Virginia Rainbow Mermaids batting - Pitching for San Mateo Dirty Reds : RHP Anatoly Ivanovich
Batting: RHB Tony Calhoun 0-0: Called Strike
0-1: Ball
1-1: Reached on error, E6 (Groundball, 6S, EV 79.4 MPH)
Batting: RHB Eric Deweese 0-0: Bunted foul
0-1: Ball
1-1: Called Strike
Tony Calhoun steals 2nd base
1-2: Foul Ball, location: 2F
1-2: Fly out, F8 (Flyball, 8RXD, EV 95.0 MPH)
Runner from 2nd tags up, SAFE at 3rd, no throw by CF
Batting: SHB Shiki Sanu 0-0: Ball
1-0: Ball
2-0: Fly out, F4 (Popup, 13, EV 88.1 MPH)
Batting: RHB Felix Plugge 0-0: 2-RUN HOME RUN (Flyball, 78XD, EV 97.5 MPH), Distance : 384 ft
Batting: RHB Scott Dourque 0-0: Ball
1-0: Swinging Strike
1-1: Swinging Strike
1-2: Ball
2-2: Foul Ball, location: 2F
2-2: Strikes out swinging
Top of the 8th over - 2 runs, 1 hit, 1 error, 0 left on base; Northern Virginia 2 - San Mateo 1
BOTTOM OF THE 8TH
San Mateo Dirty Reds batting - Pitching for Northern Virginia Rainbow Mermaids : RHP Tom King
Now at 2B: Norm Chodorow
Batting: RHB Kameron Guangorena 0-0: Foul Ball, location: 2F
0-1: Foul Ball, location: 2F
0-2: Ball
1-2: Foul Ball, location: 2F
1-2: SINGLE (Line Drive, 89S, EV 98.1 MPH)
Pitching: RHP Yoriyoshi Sugimoto
Pinch Hitting: LHB Palaie Gaoteote 0-0: Called Strike
0-1: SINGLE (Groundball, 3D, EV 106.9 MPH)
Kameron Guangorena to second
Runner from 2nd tries for 3rd, SAFE, no throw by RF
Batting: RHB Jody Lemoine 0-0: Swinging Strike
0-1: Ball
1-1: SINGLE (Groundball, 34, EV 105.6 MPH)
Kameron Guangorena scores
Palaie Gaoteote to second
Runner from 2nd tries for 3rd, SAFE, no throw by RF
Batting: RHB Hyeon-cheong Kim 0-0: Ball
1-0: Swinging Strike
1-1: Ball
2-1: SINGLE (Groundball, 6M, EV 90.0 MPH) (infield hit)
Palaie Gaoteote scores
Jody Lemoine to second
Batting: RHB Paul Tate 0-0: Called Strike
0-1: Ball
1-1: Called Strike
1-2: Strikes out looking
Batting: RHB Tae-gyoon Ch'oe 0-0: Called Strike
0-1: Ball
1-1: Foul Ball, location: 2F
1-2: Foul Ball, location: 2F
1-2: Foul Ball, location: 2F
1-2: Ball
2-2: Strikes out looking
Batting: RHB Nelson Jaramillo 0-0: Called Strike
0-1: Ball
1-1: Ball
2-1: Foul Ball, location: 2F
2-2: Foul Ball, location: 2F
2-2: SINGLE (Groundball, 56S, EV 74.4 MPH) (infield hit)
Jody Lemoine to third
Hyeon-cheong Kim to second
Batting: RHB Augusto Encarnación 0-0: Foul Ball, location: 2F
0-1: Ball
1-1: Fly out, F9 (Flyball, 89M, EV 98.8 MPH)
Bottom of the 8th over - 2 runs, 5 hits, 0 errors, 3 left on base; Northern Virginia 2 - San Mateo 3
TOP OF THE 9TH
Northern Virginia Rainbow Mermaids batting - Pitching for San Mateo Dirty Reds : RHP Anatoly Ivanovich
Now in LF: Palaie Gaoteote
Batting: LHB Owen Sharts 0-0: Ball
1-0: Ball
2-0: DOUBLE (Line Drive, 89XD, EV 102.5 MPH)
Batting: LHB Jason Schneider 0-0: Ball
1-0: Ball
2-0: SINGLE (Groundball, 56D, EV 103.1 MPH)
Owen Sharts to third
Runner from 3rd tries for Home, SAFE, no throw by LF
Pitching: RHP Matt Digby
Batting: RHB Daniel McCoy 0-0: Swinging Strike
0-1: Ball
1-1: Called Strike
1-2: Ball
Passed Ball!
Jason Schneider to second
2-2: Strikes out swinging
Batting: LHB Dewitt Hopper 0-0: Intentional Walk
Pinch Runner at 2nd Steven Rohrs:
Batting: RHB Tony Calhoun 0-0: Ball
1-0: Called Strike
1-1: Ball
2-1: Foul Ball, location: 2F
2-2: Strikes out swinging
Batting: RHB Eric Deweese 0-0: Foul Ball, location: 2F
0-1: Foul Ball, location: 2F
0-2: Foul Ball, location: 2F
0-2: Ball
1-2: Fielders Choice at 2nd, 6-4 (Groundball, 6, EV 86.9 MPH)
Top of the 9th over - 1 run, 2 hits, 0 errors, 2 left on base; Northern Virginia 3 - San Mateo 3
BOTTOM OF THE 9TH
San Mateo Dirty Reds batting - Pitching for Northern Virginia Rainbow Mermaids : RHP Yoriyoshi Sugimoto
Pitching: RHP Brewster Warble
Batting: RHB Iván Vega 0-0: Called Strike
0-1: Ball
1-1: Foul Ball, location: 2F
1-2: Ball
2-2: Foul Ball, location: 2F
2-2: SINGLE (Line Drive, 7LS, EV 91.2 MPH)
Batting: RHB Kameron Guangorena 0-0: Ball
1-0: DOUBLE (Line Drive, 5D, EV 105.6 MPH)
Iván Vega to third
Batting: LHB Palaie Gaoteote 0-0: Intentional Walk
Batting: RHB Jody Lemoine 0-0: Grounds into fielders choice 5-2 (Groundball, 25, EV 86.2 MPH)
Kameron Guangorena to third
Palaie Gaoteote to second
Batting: RHB Hyeon-cheong Kim 0-0: Ball
1-0: Ball
2-0: Foul Ball, location: 2F
2-1: SINGLE (Groundball, 6MD, EV 98.8 MPH)
Kameron Guangorena scores
Thursday, January 23rd, 2020 - OOTP Baseball 20.8 Build 74